AoeStats
← 知耻而后勇喜笑颜开

Arabia

507877561Analyzed
1v1 RM · 13d ago on Sep 20, 2026· 41m 39s· 2 players
Game mode
Random Map
Map size
Tiny (2 player)
Population
200
Speed
Normal
Resources
Standard
Victory
Conquest
Starting age
Dark Age
Ending age
Imperial Age
RankedLock teamsTeams togetherTeam positionsShared explorationLock speedFull tech treeHidden civsTurbo modeCheats
Victory
Defeat
1433
+19
🇲🇽 Bulgarians · Mexico
1498
-19
知耻而后勇喜笑颜开
6:22 Loom
8:31 Feudal Age
9:48 Wheelbarrow
9:03 Double-Bit Axe
9:04 Town Watch
13:13 Fletching
17:22 Padded Archer Armor
21:52 Castle Age
19:46 Horse Collar
20:47 Forging
21:20 Gold Mining
22:13 Scale Barding Armor
22:43 Bow Saw
23:10 Wheelbarrow
22:33 Light Cavalry
23:14 Husbandry
24:55 Bloodlines
25:53 Fervor
28:11 Sanctity
27:36 Treadmill Crane
28:47 Redemption
31:08 Hand Cart
32:04 Heavy Plow
32:36 Bodkin Arrow
36:30 Imperial Age
34:26 Ballistics
35:18 Iron Casting
35:03 Chain Barding Armor
35:14 Chain Barding Armor
35:25 Stone Mining
36:53 Scale Mail Armor
37:25 Bracer
38:27 Chemistry
37:38 Masonry
37:48 Kshatriyas
38:03 Conscription
38:08 Chain Mail Armor
38:33 Thumb Ring
38:38 Murder Holes
38:41 Elite Chakram Thrower
Bacon Bit
6:03 Loom
9:30 Feudal Age
10:46 Double-Bit Axe
14:51 Fletching
20:18 Castle Age
25:04 Forging
26:13 Scale Barding Armor
27:40 Husbandry
28:43 Stone Mining
28:49 Gold Mining
31:20 Wheelbarrow
33:56 Imperial Age
31:56 Scale Mail Armor
33:37 Squires
33:54 Chain Mail Armor
34:15 Iron Casting
33:35 Bodkin Arrow
33:52 Masonry
34:21 Arson
34:22 Gambesons
35:09 Plate Mail Armor
35:54 Conscription
36:35 Blast Furnace
36:12 Bagains
35:52 Capped Ram
36:35 Pikeman
37:45 Siege Ram
38:23 Town Watch
38:44 Halberdier
40:06 Bow Saw
Connection lost

Rejoining the realm…

Still unreachable

The connection could not be restored.

Session expired

The server has moved on; the page needs a fresh start.